Map: Pillars of Gold LE

Players

MaSa

  • Race: Terran Terran
  • League: Master
  • Spawn Location: 7:00

LiquidTLO (TLO) - Winner!

  • Race: Zerg Zerg
  • League: Master
  • Spawn Location: 1:00

Event: DreamHack SC2 Masters 2020 Fall

VOD

Have the link to the VOD?

Description

Time

  • Played on: Sept. 6, 2020, 4:39 p.m.
  • Length: 15:37

All games in this series

Show
View Real Time Build Order
Export as new Build Order

MaSa Terran 

Build Orders: Reaper Expand 

Get SALT Encoding   

  12  0:00  SCV  
  13  0:12  SCV  
  14  0:17  Supply Depot  
  14  0:24  SCV  
  15  0:39  SCV  
  15  0:41  Barracks  
  16  0:45  Refinery  
  16  0:51  SCV  
  17  1:03  SCV  
  18  1:15  SCV  
  19  1:28  Reaper, Orbital Command  
  20  1:43  Command Center  
  20  1:55  SCV, Supply Depot  
  20  2:00  Marine  
  22  2:07  SCV  
  23  2:13  Factory  
  23  2:19  Refinery  
  23  2:21  SCV  
  24  2:25  Barracks Reactor  
  24  2:35  SCV  
  24  2:36  Bunker  
  25  2:47  SCV  
  26  2:56  Orbital Command  
  26  2:58  Starport  
  26  2:59  SCV  
  27  3:10  Hellion  
  27  3:12  Barracks Tech Lab  
  29  3:15  Hellion  
  29  3:17  SCV  
  32  3:24  SCV  
  33  3:31  Hellion  
  33  3:33  SCV  
  36  3:36  Hellion, Barracks Tech Lab  
  38  3:44  Banshee  
  38  3:47  SCV  
  42  3:51  SCV  
  42  3:56  Marine  
  42  3:57  Supply Depot, Stimpack  
  42  4:00  SCV  
  44  4:03  Barracks  
  44  4:04  SCV  
  45  4:11  Factory Reactor, Barracks  
  45  4:14  SCV  
  46  4:20  SCV  
  47  4:26  SCV, Marine  
  49  4:32  SCV  
  49  4:33  Supply Depot  
  49  4:35  Starport Reactor  
  49  4:38  SCV  
  51  4:42  Engineering Bay  
  51  4:44  SCV  
  52  4:49  Supply Depot  
  52  4:50  SCV  
  52  4:52  Marine  
  53  4:55  Marine  
  53  4:56  SCV  
  56  5:00  Siege Tank  
  56  5:02  SCV  
  56  5:07  Marine x2  
  60  5:11  SCV  
  63  5:15  SCV  
  63  5:16  Refinery  
  63  5:17  Terran Infantry Weapons Level 1  
  63  5:18  Refinery  
  64  5:26  Marine x3  
  64  5:27  Marine x2  
  66  5:28  Medivac  
  66  5:30  Medivac  
  70  5:48  Supply Depot  
  70  5:58  Command Center  
  70  6:05  Supply Depot  
  70  6:10  SCV x2, Marine x2  
  78  6:12  Missile Turret  
  78  6:17  Missile Turret  
  78  6:25  Supply Depot  
  78  6:27  SCV x2, Siege Tank  
  78  6:29  Missile Turret  
  78  6:31  Medivac x2  
  78  6:32  Marine  
  84  6:34  Marine  
  84  6:35  Marine  
  84  6:39  SCV  
  84  6:42  Marine x2  
  84  6:45  Missile Turret  
  85  6:49  Marine  
  85  6:52  Marine x2  
  85  6:53  SCV  
  87  7:00  Marine  
  87  7:06  Barracks Tech Lab, Siege Tank  
  87  7:07  Medivac x2, Marine  
  87  7:08  SCV  
  93  7:10  SCV, Marine x2  
  94  7:15  Armory  
  94  7:22  Supply Depot  
  94  7:27  Marine x2  
  94  7:28  Marine  
  94  7:29  Marine x2  
  85  7:41  SCV x2  
  85  7:42  Medivac x2  
  85  7:43  Orbital Command  
  85  7:45  Marine  
  85  7:47  Marine  
  87  7:53  SCV  
  87  7:54  SCV, Missile Turret  
  87  7:56  Terran Infantry Armor Level 1  
  89  8:01  Marine  
  89  8:04  Marine x2  
  88  8:10  Marine x2  
  87  8:13  SCV  
  87  8:14  Thor  
  87  8:19  Marine  
  94  8:21  Marine  
  94  8:22  SCV  
  94  8:23  Liberator  
  94  8:26  Missile Turret  
  99  8:28  SCV  
  99  8:38  Barracks Tech Lab  
  99  8:39  Barracks  
  99  8:40  Barracks, Liberator  
  102  8:44  SCV  
  97  8:55  SCV  
  97  8:56  SCV  
  97  8:57  Marine x2  
  97  9:00  Thor  
  97  9:01  Marine  
  108  9:03  Orbital Command  
  108  9:05  Engineering Bay, Factory  
  108  9:07  SCV, Terran Vehicle And Ship Armor Level 1  
  108  9:08  Liberator  
  112  9:25  SCV  
  112  9:27  SCV  
  112  9:28  SCV  
  112  9:31  Barracks Tech Lab  
  115  9:32  Barracks Reactor x2  
  115  9:33  Marine x2  
  117  9:39  Terran Infantry Weapons Level 2  
  117  9:40  Supply Depot  
  117  9:41  Supply Depot  
  117  9:47  Supply Depot  
  117  9:51  Sensor Tower  
  117  9:53  Combat Shield  
  117  9:58  Factory Reactor  
  117  10:01  SCV x3, Supply Depot, Refinery, Marine x3  
  117  10:02  Refinery  
  120  10:13  SCV  
  120  10:14  SCV  
  120  10:15  Factory Reactor  
  120  10:18  Drilling Claws  
  120  10:19  Widow Mine  
  120  10:20  Medivac  
  125  10:27  SCV, Command Center  
  126  10:31  SCV, Bunker, Refinery  
  126  10:35  Terran Infantry Armor Level 2  
  127  10:36  Marine  
  127  10:37  Marine  
  127  10:39  Marine x3  
  127  10:40  Marine  
  127  10:41  Marine  
  131  10:49  Thor  
  137  10:50  SCV x3  
  137  10:55  Marine x4  
  144  10:57  Medivac  
  144  11:00  Marine x3  
  149  11:04  Marine  
  149  11:08  Terran Vehicle And Ship Armor Level 2  
  149  11:15  Supply Depot x3  
  149  11:19  Barracks  
  149  11:21  Widow Mine  
  149  11:22  Barracks  
  149  11:24  Widow Mine, Marine x3  
  149  11:25  Marine  
  149  11:30  Supply Depot  
  149  11:36  Marine x2  
  149  11:37  Widow Mine  
  153  11:42  Widow Mine  
  153  11:45  Widow Mine  
  157  11:49  Marine  
  157  11:50  Marauder, Marine x4  
  164  11:59  Marine x3  
  164  12:01  Orbital Command  
  164  12:07  Marine x2  
  164  12:08  Marine x3  
  142  12:09  SCV x2  
  142  12:11  Marauder  
  137  12:18  Marine x3  
  137  12:21  SCV x2, Barracks Tech Lab  
  140  12:24  Barracks Tech Lab  
  140  12:33  SCV x2, Marauder  
  140  12:34  Marine x3  
  140  12:35  Marine x2  
  149  12:50  Widow Mine x2  
  149  12:51  Marauder, Marine x2  
  151  12:52  Marauder  
  151  12:54  Marauder  
  151  12:56  Marine  
  151  12:57  Marine x3  
  151  13:04  SCV x3  
  151  13:12  Marauder  
  145  13:13  Medivac  
  145  13:15  Marauder x2  
  149  13:20  Marine x4  
  149  13:25  Widow Mine  
  149  13:26  Widow Mine  
  153  13:28  Widow Mine  
  155  13:35  Liberator  
  155  13:41  Marauder x2, Marine x2  
  163  13:42  Marine  
  163  13:47  SCV x2  
  163  13:48  SCV  
  168  13:49  Widow Mine  
  168  13:50  Widow Mine  
  143  14:06  Command Center  
  140  14:11  Marauder x2, Marine  
  131  14:18  SCV x2  
  131  14:19  Marine  
  131  14:23  Marine  
  130  14:24  Marauder  
  130  14:29  Supply Depot  
  130  14:30  Orbital Command  
  130  14:34  SCV x2  
  132  14:40  Marine  
  133  14:46  SCV  
  133  14:49  Missile Turret  
  131  14:56  Medivac x2  
  131  14:57  Marauder, Marine x3  
  140  15:04  Marauder, Marine x2  
  140  15:05  Marauder  
  139  15:11  Marine  
Show
View Real Time Build Order
Export as new Build Order

LiquidTLO Zerg - Winner!

Build Orders: Pool First, Muta Ling Bane 

Get SALT Encoding   

  12  0:00  Drone  
  13  0:13  Overlord  
  13  0:17  Drone  
  14  0:31  Drone x2  
  16  0:41  Spawning Pool  
  15  0:45  Drone  
  15  0:49  Drone  
  17  0:56  Drone  
  18  1:14  Hatchery  
  18  1:16  Extractor  
  16  1:19  Drone  
  16  1:21  Drone  
  18  1:28  Zergling x2  
  19  1:34  Queen  
  21  1:40  Overlord  
  21  1:49  Drone  
  22  2:01  Drone  
  23  2:10  Queen  
  23  2:13  Roach Warren  
  24  2:20  Overlord  
  24  2:30  Queen  
  24  2:36  Zergling x2  
  27  2:40  Drone  
  27  2:41  Drone x2  
  27  2:44  Metabolic Boost  
  31  2:45  Drone  
  31  2:46  Drone  
  33  2:52  Drone  
  33  2:54  Drone  
  33  2:56  Drone  
  36  3:03  Overlord  
  36  3:07  Drone  
  36  3:09  Drone  
  36  3:12  Drone  
  39  3:18  Drone  
  39  3:19  Drone  
  41  3:20  Drone x2  
  41  3:26  Lair  
  43  3:29  Extractor  
  43  3:32  Drone  
  43  3:33  Zergling x2  
  44  3:35  Drone  
  44  3:38  Zergling x2  
  46  3:45  Extractor  
  46  3:48  Drone  
  46  3:50  Drone  
  46  3:51  Drone, Extractor  
  46  3:55  Drone  
  48  3:56  Drone  
  48  3:58  Drone  
  50  4:03  Drone  
  50  4:04  Hatchery  
  50  4:05  Drone  
  50  4:08  Overlord  
  51  4:13  Overlord  
  51  4:24  Drone  
  51  4:27  Drone  
  51  4:28  Overseer  
  51  4:29  Spire  
  52  4:32  Drone  
  52  4:36  Queen  
  55  4:40  Drone  
  55  4:42  Drone  
  57  4:48  Drone  
  57  4:50  Zergling x2  
  59  4:53  Overlord  
  59  5:02  Drone  
  59  5:04  Baneling Nest  
  59  5:06  Drone  
  60  5:07  Overlord  
  58  5:14  Drone x2  
  58  5:17  Drone x2  
  58  5:19  Drone x3  
  62  5:40  Mutalisk  
  62  5:41  Mutalisk x6  
  76  5:46  Zerg Flyer Weapons Level 1  
  76  5:47  Zergling x2  
  76  5:48  Zergling x2  
  78  5:51  Zergling x2, Overlord  
  78  5:56  Centrifical Hooks  
  79  5:58  Drone  
  79  5:59  Zergling x2  
  79  6:01  Zergling x2, Drone  
  83  6:04  Zergling x2  
  83  6:08  Zergling x2  
  83  6:10  Overlord  
  85  6:12  Overlord, Evolution Chamber  
  85  6:14  Overlord  
  85  6:15  Baneling  
  84  6:19  Mutalisk  
  84  6:20  Mutalisk  
  87  6:25  Zergling x2  
  87  6:26  Zergling x2  
  87  6:28  Overlord x2  
  87  6:30  Zergling x2  
  87  6:32  Mutalisk  
  92  6:40  Zergling x2  
  92  6:41  Evolution Chamber  
  92  6:42  Mutalisk  
  94  6:52  Baneling  
  94  6:53  Zergling x6, Baneling x2  
  94  6:54  Zergling x10  
  102  6:56  Baneling x2  
  102  6:59  Spine Crawler  
  93  7:10  Zerg Melee Weapons Level 1, Drone x8  
  93  7:12  Zergling x2  
  102  7:15  Zergling x2  
  102  7:20  Zergling x2  
  104  7:26  Mutalisk  
  97  7:35  Drone, Extractor  
  97  7:36  Drone x2, Extractor  
  98  7:37  Zergling x2  
  98  7:38  Zergling x6  
  98  7:39  Zergling x2  
  102  7:48  Drone  
  102  7:49  Spore Crawler  
  102  7:51  Drone x2, Baneling  
  102  7:55  Mutalisk  
  102  7:56  Hatchery  
  102  7:57  Zergling x6  
  108  7:59  Mutalisk  
  106  8:11  Overlord  
  106  8:12  Drone x2  
  108  8:14  Drone  
  108  8:16  Mutalisk  
  111  8:21  Drone  
  111  8:26  Drone x3  
  113  8:29  Drone  
  113  8:32  Hydralisk Den, Drone  
  113  8:34  Zergling x2  
  115  8:35  Drone  
  115  8:37  Pneumatized Carapace  
  115  8:39  Zergling x2  
  117  8:47  Zergling x4  
  117  8:48  Zergling x2  
  117  8:50  Mutalisk  
  117  8:55  Drone x3  
  121  8:58  Zergling x2, Zerg Ground Armor Level 1  
  121  9:01  Grooved Spines  
  122  9:07  Zergling x2  
  123  9:10  Zerg Melee Weapons Level 2  
  123  9:13  Drone x7  
  123  9:14  Hatchery  
  129  9:19  Hydralisk  
  129  9:24  Overlord x2  
  131  9:25  Drone  
  131  9:26  Overlord x2  
  131  9:27  Extractor  
  131  9:33  Evolution Chamber  
  131  9:34  Hydralisk  
  131  9:35  Hydralisk  
  131  9:37  Overlord  
  134  9:38  Drone  
  134  9:42  Queen x2  
  134  9:45  Hydralisk x5  
  139  9:47  Drone  
  139  9:52  Evolution Chamber, Hydralisk  
  152  9:53  Hydralisk  
  152  9:55  Zergling x2  
  152  9:56  Hydralisk  
  152  9:58  Baneling x4  
  156  10:01  Burrow  
  156  10:12  Hydralisk x2  
  160  10:15  Muscular Augments  
  160  10:20  Zerg Missile Weapons Level 1  
  160  10:23  Hydralisk x2  
  164  10:33  Hydralisk  
  164  10:34  Hydralisk x3  
  169  10:35  Zergling x2  
  169  10:36  Drone  
  169  10:37  Drone x3  
  169  10:38  Zergling x4  
  169  10:39  Drone  
  169  10:41  Extractor  
  169  10:42  Spore Crawler, Drone  
  175  10:43  Drone x5  
  180  10:51  Hydralisk  
  180  10:52  Infestation Pit  
  181  10:58  Baneling x11  
  181  11:09  Overlord  
  181  11:11  Overlord  
  181  11:15  Overlord  
  181  11:16  Baneling x2  
  181  11:18  Zerg Ground Armor Level 2  
  181  11:28  Zergling x2  
  182  11:35  Hive  
  182  11:36  Queen x2  
  182  11:39  Zergling x2  
  187  11:40  Zergling x22  
  187  11:46  Zergling x6  
  199  11:53  Overlord  
  199  11:57  Baneling x4  
  199  11:59  Hydralisk x2  
  196  12:03  Hydralisk x2  
  196  12:07  Zergling x2  
  196  12:08  Zergling x14  
  197  12:12  Hydralisk x3  
  196  12:15  Infestor x2  
  196  12:21  Overlord  
  200  12:23  Extractor  
  200  12:24  Extractor  
  200  12:27  Zerg Missile Weapons Level 2  
  200  12:28  Overlord, Drone  
  199  12:31  Spore Crawler, Baneling  
  199  12:32  Baneling x8  
  199  12:34  Drone  
  199  12:37  Hatchery  
  199  12:38  Baneling x3  
  199  12:39  Baneling  
  194  12:56  Zergling x2  
  184  12:59  Drone  
  184  13:05  Drone  
  181  13:06  Drone  
  181  13:07  Overseer x2, Drone  
  181  13:08  Drone x2  
  181  13:09  Zergling x4  
  181  13:10  Zergling x2  
  179  13:13  Adrenal Glands  
  179  13:15  Zergling x2  
  179  13:16  Zergling x12  
  179  13:17  Ultralisk Cavern  
  179  13:19  Zergling x2  
  178  13:20  Drone  
  178  13:23  Drone  
  178  13:24  Zergling x2, Drone  
  178  13:25  Drone x3  
  184  13:27  Drone  
  184  13:28  Drone  
  184  13:30  Overseer x3, Baneling x2  
  184  13:31  Overseer x3  
  184  13:32  Zergling x4  
  184  13:33  Zergling x2  
  188  13:34  Drone x2  
  188  13:35  Drone  
  188  13:39  Drone  
  189  13:42  Zergling x2  
  189  13:44  Zergling x4  
  192  13:49  Zergling x2  
  192  13:51  Zergling x2  
  192  13:52  Zergling x2  
  191  13:56  Zergling x2  
  189  14:05  Overseer  
  189  14:08  Chitinous Plating  
  172  14:19  Hydralisk  
  172  14:23  Ultralisk x2  
  184  14:24  Drone x4  
  184  14:25  Drone x6  
  194  14:38  Overlord  
  194  14:53  Lurker Den  
  194  14:58  Zergling x16  
  192  15:10  Zergling x2  
  186  15:20  Zergling x2  

Tags
 
Add a new tag
Caveats
  • Supply blocks, unpowered buildings, or Contaminate may cause inaccurate times.
  • Supply counts are checked every 10 seconds.